AoeStats
← Iamak3186

Arena

505039953Analyzed
1v1 RM · 25d ago on Sep 7, 2026· 22m 10s· 2 players
Game mode
Random Map
Map size
Tiny (2 player)
Population
200
Speed
Normal
Resources
Standard
Victory
Conquest
Starting age
Dark Age
Ending age
Imperial Age
RankedLock teamsTeams togetherTeam positionsShared explorationLock speedFull tech treeHidden civsTurbo modeCheats
Victory
Defeat
🇮🇳 Japanese · India
1170
+15
🇨🇳 Teutons · China
1152
-15
半生孑
6:27 Loom
8:47 Feudal Age
16:34 Horse Collar
22:43 Castle Age
20:51 Double-Bit Axe
Iamak3186
10:13 Feudal Age
14:38 Castle Age
14:19 Double-Bit Axe
14:47 Loom
20:45 Scale Mail Armor
Connection lost

Rejoining the realm…

Still unreachable

The connection could not be restored.

Session expired

The server has moved on; the page needs a fresh start.